 Dungeon Crawl Stone Soup version 0.22.1-6-g1668fe2c40 (webtiles) character file.

1316 Riddle the Magician (level 8, 0/62 HPs)
             Began as a Mummy Necromancer on Jan 17, 2019.
             Slain by a killer bee (7 damage)
             ... on level 5 of the Dungeon.
             The game lasted 00:11:29 (6333 turns).

Riddle the Magician (Mummy Necromancer)             Turns: 6333, Time: 00:11:29

Health: 0/62       AC:  4    Str: 12    XL:     8   Next: 33%
Magic:  0/18       EV: 12    Int: 16    God:
Gold:   297        SH:  0    Dex: 12    Spells: 19/20 levels left

rFire    . . .     SeeInvis .   m - +3 dagger (elec)
rCold    + + +     Gourm    .   (no shield)
rNeg     + + +     Faith    .   e - +2 robe {rC+}
rPois    ∞         Spirit   .   (no helmet)
rElec    .         Reflect  .   n - scarf {rC+ rF+}
rCorr    .         Harm     .   (no gloves)
MR       +....                  (no boots)
Stlth    ++........             (no amulet)
HPRegen  0.20/turn              a - ring of wizardry
MPRegen  0.16/turn              g - ring of protection from cold

@: no status effects
A: no food or potions, fire vulnerability, cold resistance 1, negative energy
resistance 3, torment resistance, unbreathing
a: no special abilities


You were on level 5 of the Dungeon.
You were not hungry.

You visited 1 branch of the dungeon, and saw 5 of its levels.

You collected 297 gold pieces.

Inventory:

Hand Weapons
 m - a +3 dagger of electrocution (weapon)
 o - a +1 dagger of pain
Missiles
 b - 7 tomahawks (quivered)
 p - a throwing net
Armour
 e - a +2 robe of cold resistance (worn)
 n - a scarf of resistance (worn)
Jewellery
 a - a ring of wizardry (left hand)
 g - a ring of protection from cold (right hand)
 k - an uncursed amulet of guardian spirit
Wands
 i - a wand of iceblast (2)
Scrolls
 c - 4 scrolls of identify
 d - a scroll of enchant armour
 f - 2 scrolls of fog {unknown}
 h - a scroll of magic mapping
 j - a scroll of random uselessness
 l - 3 scrolls of remove curse


   Skills:
 + Level 5.2 Fighting
 + Level 3.0 Short Blades
 - Level 1.5 Dodging
 - Level 1.5 Stealth
 + Level 6.9 Spellcasting
 + Level 6.7 Necromancy


You had 19 spell levels left.
You knew the following spells:

 Your Spells              Type           Power        Failure   Level  Hunger
a - Pain                  Necr           ####         1%          1    N/A

Your spell library contained the following spells:

 Spells                   Type           Power        Failure   Level  Hunger
 Animate Skeleton         Necr           N/A          1%          1    N/A
 Vampiric Draining        Necr           ####......   1%          3    N/A
 Animate Dead             Necr           N/A          3%          4    N/A
 Freeze                   Ice            #...         5%          1    N/A
 Throw Frost              Conj/Ice       #.....       8%          2    N/A
 Ozocubu's Armour         Chrm/Ice       #.......     16%         3    N/A
 Summon Ice Beast         Ice/Summ       #.......     43%         4    N/A
 Throw Icicle             Conj/Ice       #.......     43%         4    N/A
 Regeneration             Chrm/Necr      Unusable     N/A         3    N/A

Dungeon Overview and Level Annotations

Branches:
Dungeon (5/15)
 Temple: D:4-7

Altars:
Makhleb
Okawaru
Yredelemnul


Innate Abilities, Weirdness & Mutations

You do not eat or drink.
Your flesh is vulnerable to fire.
You are immune to poison.
Your flesh is cold resistant. (rC+)
You are immune to negative energy. (rN+++)
You are immune to unholy pain and torment.
You can survive without breathing.


Message History

You kill the killer bee!
Your Short Blades skill increases to level 3!
The killer bee stings you!
* * * LOW HITPOINT WARNING * * *
Casting: Pain (safe; 1% risk of failure)
Confirm with . or Enter, or press ? or * to list all spells.
Aiming: Pain (safe; 1% risk of failure)
Press: ? - help, Shift-Dir - straight line, f - killer bee
Aim: a killer bee (chance to defeat MR: 89%)
The killer bee writhes in agony!
The killer bee stings you!
* * * LOW HITPOINT WARNING * * *
The killer bee stings you but does no damage.
Casting: Pain (safe; 1% risk of failure)
Confirm with . or Enter, or press ? or * to list all spells.
Aiming: Pain (safe; 1% risk of failure)
Press: ? - help, Shift-Dir - straight line, f/p - killer bee
Aim: a killer bee (moderately wounded, chance to defeat MR: 89%)
The killer bee writhes in agony!
The killer bee barely misses you. The killer bee stings you!
You die...

#.# ###.#
#.#....
#.#.#.##
#......#
#......#
#.#.##.#
#.#.##y#
#.#.##@#
#.#.##.#
#..>...#
###.####
#.# ##.#
#..# #.##
####(####


You could see a killer bee.

Vanquished Creatures
  An ice beast (D:5)
  2 ogres (D:4)
  A bullfrog (D:5)
  A wyvern zombie (D:3)
  3 killer bees (D:5)
  A hound (D:5)
  4 orc priests
  A bullfrog skeleton (D:5)
  Terence (D:3)
  An iguana (D:4)
  10 orc wizards
  A worker ant (D:4)
  2 hound skeletons
  4 gnolls (D:5)
  5 adders
  3 oozes (D:3)
  8 worms
  2 dart slugs
  5 leopard geckos
  33 orcs
  3 giant cockroaches
  9 goblins
  9 hobgoblins
  3 jackals (D:1)
  7 kobolds
  A quokka (D:5)
  A ball python (D:3)
  10 bats
  5 frilled lizards
  A leopard gecko skeleton (D:4)
  2 rats
140 creatures vanquished.

Notes
Turn   | Place    | Note
-------+----------+-------------------------------------------
     0 | D:1      | Riddle the Mummy Necromancer began the quest for the Orb.
     0 | D:1      | Reached XP level 1. HP: 13/13 MP: 4/4
   364 | D:1      | Reached XP level 2. HP: 20/20 MP: 0/6
   388 | D:1      | Reached skill level 1 in Fighting
  1080 | D:2      | Reached XP level 3. HP: 26/26 MP: 5/7
  1519 | D:2      | Reached XP level 4. HP: 33/33 MP: 1/9
  1737 | D:2      | Found a faded altar of an unknown god.
  2256 | D:3      | Reached XP level 5. HP: 39/39 MP: 4/11
  2433 | D:3      | Reached skill level 5 in Necromancy
  2815 | D:3      | Noticed Terence
  2825 | D:3      | Killed Terence
  3455 | D:3      | Reached skill level 5 in Spellcasting
  3455 | D:3      | Reached XP level 6. HP: 23/47 MP: 13/13
  4315 | D:4      | Reached skill level 1 in Short Blades
  4722 | D:4      | Reached XP level 7. HP: 37/53 MP: 9/15
  4834 | D:4      | Found an iron altar of Okawaru.
  4838 | D:4      | Found a burning altar of Makhleb.
  4842 | D:4      | Found a basalt altar of Yredelemnul.
  5343 | D:5      | Entered Level 5 of the Dungeon
  5784 | D:5      | Reached XP level 8. HP: 31/61 MP: 8/17
  6316 | D:5      | Reached skill level 5 in Fighting
  6333 | D:5      | Slain by a killer bee

Skill      XL: |  1  2  3  4  5  6  7  8 |
---------------+-------------------------+-----
Spellcasting   | 3 4 5 6 |  6.9
Fighting       | 1 2 3 4 5 |  5.2
Necromancy     | 5 6 |  6.7
Short Blades   | 1 2 3 |  3.0
Dodging        | |  1.5
Stealth        | |  1.5

Action                   |  1- 3 |  4- 6 |  7- 9 || total
-------------------------+-------+-------+-------++-------
Melee: Unarmed           |    10 |       |       ||    10
       Whip              |       |    15 |       ||    15
       Dagger            |       |    18 |     9 ||    27
 Cast: Pain              |    73 |   188 |   127 ||   388
  Use: Scroll            |       |    10 |       ||    10
 Stab: Sleeping          |       |     2 |       ||     2
Armor: Robe              |     6 |    17 |    15 ||    38
Dodge: Dodged            |    16 |    61 |    32 ||   109
